 Dungeon Crawl Stone Soup version 0.27.1-33-g824d729ab1 (webtiles) character file.

Game seed: 2491093403610700095

4126 pkoi the Grappler (level 10, -2/73 HPs)
             Began as a Yellow Draconian Artificer on Dec 29, 2021.
             Was an Initiate of Ashenzari.
             Slain by a centaur (6 damage)
             ... on level 9 of the Dungeon.
             The game lasted 00:17:32 (13239 turns).

pkoi the Grappler (Yellow Draconian Artificer)     Turns: 13239, Time: 00:17:32

Health: -2/73      AC:  9    Str: 14    XL:     10   Next: 6%
Magic:  16/16      EV: 13    Int: 14    God:    Ashenzari [......]
Gold:   302        SH:  0    Dex: 13    Spells: 10/17 levels left

rFire    . . .     SeeInvis .     - Unarmed
rCold    + . .     Faith    .   (no shield)
rNeg     . . .     Spirit   .   (armour unavailable)
rPois    .         Reflect  .   (helmet restricted)
rElec    .         Harm     .   (no cloak)
rCorr    +         Rampage  .   (no gloves)
Will     .....                  v - +1 pair of boots {Stlth+}
Stlth    +++.......             (no amulet)
HPRegen  0.22/turn              k - ring of wizardry
MPRegen  0.15/turn              u - ring "Sibylline Doubts" {rC+, Self, Melee} (curse)

@: no status effects
A: spit acid, AC +7, unfitting armour, cold-blooded, acid resistance
a: Breathe Acid, Renounce Religion, Curse Item, Shatter the Chains


You were on level 9 of the Dungeon.
You worshipped Ashenzari.
Ashenzari was noncommittal.
You visited 2 branches of the dungeon, and saw 10 of its levels.

You collected 549 gold pieces.
You spent 247 gold pieces at shops.

Inventory:

Hand Weapons
 a - a +0 club
 g - a +3 whip
 i - a +0 dagger of venom
Missiles
 f - 30 poisoned darts
 r - 3 javelins
 s - a throwing net
Armour
 v - a +1 pair of boots of stealth (worn)
Jewellery
 k - a ring of wizardry (left hand)
 u - the cursed ring "Sibylline Doubts" (right hand) {rC+, Self, Melee}
   (You found it on level 6 of the Dungeon)

   [ring of protection from cold]

   rC:        It protects you from cold.
   It has a curse which improves the following skills: Introspection: Fighting
   and Spellcasting.
   Melee Combat: Short Blades, Long Blades, Axes, Maces & Flails, Polearms,
   Staves and Unarmed Combat.
 x - a ring of magical power
Wands
 b - a wand of flame (20) (quivered)
 n - a wand of iceblast (11)
 w - a wand of digging (5)
 y - a wand of paralysis (3)
Scrolls
 e - 2 scrolls of enchant armour
 j - 8 scrolls of teleportation
 l - 4 scrolls of amnesia
 t - a scroll of magic mapping
Potions
 h - a potion of invisibility
 m - a potion of ambrosia
 o - 2 potions of curing
 p - a potion of flight
 q - a potion of cancellation
 z - a potion of lignification
 A - a potion of berserk rage
Miscellaneous
 d - a piece from Xom's chessboard (14/15)


   Skills:
 - Level 1.6(2.0) Fighting
 - Level 4.0 Dodging
 - Level 0.8 Stealth
 * Level 11.1(11.5) Unarmed Combat
 - Level 3.5(4.0) Spellcasting
 + Level 4.7 Air Magic
 - Level 6.0 Evocations


You had 10 spell levels left.
You knew the following spells:

 Your Spells              Type           Power      Damage    Failure   Level
a - Swiftness             Air            16%        N/A       3%          3
b - Airstrike             Air            8%         N/A       11%         4

Your spell library contained the following spells:

 Spells                   Type           Power      Damage    Failure   Level
 Shock                    Conj/Air       36%        1d5       3%          1
 Beastly Appendage        Tmut           4%         N/A       8%          1
 Pain                     Necr           8%         1d4       8%          1
 Wereblood                Tmut           2%         N/A       12%         2
 Dazzling Flash           Conj/Hex       4%         N/A       22%         3
 Spider Form              Tmut/Pois      1%         N/A       22%         3
 Iskenderun's Mystic Bla  Conj/Tloc      2%         2d3       56%         4
 Agony                    Necr           2%         N/A       88%         5
 Excruciating Wounds      Necr           1%         N/A       88%         5
 Starburst                Conj/Fire      1%         6d3       100%        6


Dungeon Overview and Level Annotations

Branches:
Dungeon (9/15)             Temple (1/1) D:6
   Lair: D:8-11         Orc: D:9-12

Altars:
Ashenzari
Cheibriados
Dithmenos
Elyvilon
Fedhas
Hepliaklqana
Kikubaaqudgha
Makhleb
Nemelex Xobeh
Okawaru
Qazlal
Ru
Sif Muna
Trog
Uskayaw
Vehumet
Wu Jian
Xom
Yredelemnul
Zin
The Shining One

Shops:
D:2 (   D:7 [

Annotations:
D:3 1 runed translucent door, jlumianski's ghost, amateur GnMo


Innate Abilities, Weirdness & Mutations

You can spit globs of acid.
Your golden yellow scales are hard. (AC +7)
You cannot fit into any form of body armour.
You are cold-blooded and may be slowed by cold attacks.
You are resistant to acid. (rCorr)


Message History

Press: ? - help, Shift-Dir - straight line, f/p - two-headed ogre
Aim: a two-headed ogre, wielding a +0 giant spiked club and a +0 great mace (chance to affect: 47%)
Okay, then.
Unknown command.
Aiming: Charm
Press: ? - help, Shift-Dir - straight line, f - centaur, p - two-headed ogre
Aim: a centaur, wielding a +0 shortbow and quivering arrows (chance to affect: 64%)
The centaur struggles to resist.
The now-empty wand crumbles to dust.
The centaur unwields a +0 shortbow.
The centaur wields a +0 war axe.
The centaur hits you with a +0 war axe.
* * * LOW HITPOINT WARNING * * *
The centaur closely misses you. The two-headed ogre barely misses you.
The two-headed ogre hits you with a +0 great mace!
* * * LOW HITPOINT WARNING * * *
Unknown command.
The centaur unwields a +0 war axe.
The centaur wields a +0 shortbow.
The centaur shoots an arrow.
The arrow hits you.
* * * LOW HITPOINT WARNING * * *
Aiming: Paralyse
Press: ? - help, Shift-Dir - straight line, f/p - centaur
Aim: a centaur, wielding a +0 shortbow and quivering arrows (chance to affect: 64%)
The two-headed ogre suddenly stops moving!
Unknown command.
The helpless two-headed ogre fails to defend itself.
You pummel the two-headed ogre!! You punch the two-headed ogre.
The two-headed ogre is heavily wounded.
The helpless two-headed ogre fails to defend itself.
You punch the two-headed ogre!
The two-headed ogre is severely wounded.
The helpless two-headed ogre fails to defend itself.
You pummel the two-headed ogre!!
You kill the two-headed ogre!
The centaur shoots an arrow.
The arrow hits you!
* * * LOW HITPOINT WARNING * * *
Your piece from Xom's chessboard (14/15) has regained one charge.
Your Unarmed Combat skill increases to level 11!
You have reached level 10!
The centaur unwields a +0 shortbow.
The centaur wields a +0 war axe.
The centaur hits you with a +0 war axe.
You die...

............##..........#####
....##.....###...............
.....#.....# ###......##....#
..#..#.....# #......# ..#
.##..#.....# #......# #
.##..#.#########......#
.##..#.........#..<...#
.##..#########.#c######
.##............#@#############
.###.###..####.#.##..........#
.#........######.##.########.#
.#.#.###.##......##.# #.#
##.#.###.##.#######.# #.#
#.#.....##.# #.# #.#
#.####..##.# #.# #.# #.#
#..##.#######.# #.# #.#
#..##.........# #.#


You could see a centaur.

Vanquished Creatures
  A two-headed ogre (D:9)
  An unseen horror (D:8)
  Maggie (D:7)
  A hornet (D:8)
  A wyvern (D:9)
  3 steam dragons
  3 water moccasins
  A black bear (D:6)
  An ice beast (D:8)
  A hornet zombie (D:7)
  A sky beast (D:6)
  An orc warrior (D:8)
  An ogre (D:6)
  2 centaurs
  A necrophage (D:6)
  A bullfrog (D:6)
  2 scorpions (D:4)
  A water moccasin zombie (D:5)
  A water moccasin skeleton (D:5)
  2 killer bees (D:7)
  3 centaur zombies
  A jelly (D:6)
  An orc priest (D:9)
  A centaur skeleton (D:4)
  3 hounds (D:5)
  A bullfrog skeleton (D:5)
  2 iguanas
  Ijyb (D:3)
  2 orc wizards (D:3)
  A killer bee zombie (D:7)
  A hound skeleton (D:3)
  A howler monkey zombie (D:8)
  A howler monkey skeleton (D:4)
  3 gnolls
  3 adders
  A shadow imp (D:6)
  A white imp (D:8)
  2 ufetubi
  A worm (D:3)
  3 dart slugs
  19 orcs
  6 ball pythons
  5 endoplasms
  4 giant cockroaches
  8 goblins
  3 hobgoblins (D:1)
  6 jackals
  6 kobolds
  5 quokkas
  5 bats
  4 frilled lizards
  5 rats
136 creatures vanquished.

Vanquished Creatures (collateral kills)
  A gnoll shaman (D:4)
  2 orc wizards
  5 orcs
  An endoplasm (D:1)
  A goblin (D:1)
10 creatures vanquished.

Vanquished Creatures (others)
  3 killer bees (D:7)
  An orc wizard (D:9)
  2 orcs
  A kobold (D:1)
7 creatures vanquished.

Grand Total: 153 creatures vanquished

Notes
Turn   | Place    | Note
-------+----------+-------------------------------------------
     0 | D:1      | pkoi the Draconian Artificer began the quest for the Orb.
     0 | D:1      | Reached XP level 1. HP: 16/16 MP: 1/1
     9 | D:1      | Found a faded altar of an unknown god.
    15 | D:1      | Became a worshipper of Ashenzari the Shackled
    33 | D:1      | Reached skill level 1 in Unarmed Combat
   175 | D:1      | Reached XP level 2. HP: 15/23 MP: 2/2
   391 | D:1      | Reached skill level 2 in Unarmed Combat
  1238 | D:2      | Reached XP level 3. HP: 18/28 MP: 3/3
  1442 | D:2      | Found Gisoaprogast's Antique Weapon Shop.
  1896 | D:2      | Reached skill level 3 in Unarmed Combat
  2319 | D:3      | Found an ancient bone altar of Kikubaaqudgha.
  2718 | D:3      | Reached XP level 4. HP: 29/35 MP: 4/4
  2820 | D:3      | Reached skill level 4 in Unarmed Combat
  3118 | D:3      | Found an iron altar of Okawaru.
  3591 | D:3      | Reached XP level 5. HP: 35/40 MP: 5/5
  3734 | D:3      | Found a runed translucent door.
  3740 | D:3      | Noticed jlumianski's ghost (amateur GnMo)
  3813 | D:3      | Noticed Ijyb
  3826 | D:3      | Killed Ijyb
  4247 | D:4      | Reached skill level 5 in Unarmed Combat
  4707 | D:4      | Found an ornate altar of the Wu Jian Council.
  4859 | D:4      | Reached XP level 6. HP: 40/47 MP: 6/6
  5968 | D:4      | Reached skill level 6 in Unarmed Combat
  6124 | D:5      | Entered Level 5 of the Dungeon
  6401 | D:5      | Your scales start taking on a golden yellow colour.
  6401 | D:5      | Reached XP level 7. HP: 43/52 MP: 7/7
  6401 | D:5      | Gained mutation: You are resistant to acid. (rCorr) [Yellow
                  | Draconian growth]
  7123 | D:5      | Reached skill level 7 in Unarmed Combat
  7123 | D:5      | Reached skill level 5 in Evocations
  8048 | D:6      | Reached XP level 8. HP: 56/59 MP: 8/8
  8075 | D:6      | Reached skill level 8 in Unarmed Combat
  8114 | D:6      | Found a staircase to the Ecumenical Temple.
  8154 | Temple   | Entered the Ecumenical Temple
  8518 | D:6      | Found a hide-covered altar of Uskayaw.
  9021 | D:6      | Learned a level 3 spell: Swiftness
  9026 | D:6      | Learned a level 4 spell: Airstrike
  9247 | D:7      | Noticed Maggie
  9362 | D:7      | Found Jiyng's Armour Boutique.
  9370 | D:7      | Bought a +1 pair of boots of stealth for 247 gold pieces
  9612 | D:7      | Reached skill level 9 in Unarmed Combat
  9636 | D:7      | Reached skill level 1 in Air Magic
  9835 | D:8      | Reached skill level 1 in Spellcasting
  9858 | D:8      | Identified the +0 mace "Goirougg" {chaos, Will+ Str-4 Int+5
                  | Dex+4}
 10385 | D:7      | Reached XP level 9. HP: 66/67 MP: 12/12
 10842 | D:7      | Killed Maggie
 10843 | D:7      | Reached skill level 10 in Unarmed Combat
 11390 | D:7      | Found a basalt altar of Yredelemnul.
 11891 | D:8      | Killed an unseen horror
 12119 | D:8      | Identified the +0 robe "Gotsostre" {Will+}
 12650 | D:9      | Noticed a two-headed ogre
 13238 | D:9      | Killed a two-headed ogre
 13239 | D:9      | Reached skill level 11 in Unarmed Combat
 13239 | D:9      | Reached XP level 10. HP: 4/73 MP: 16/16
 13239 | D:9      | Slain by a centaur

Illustrated notes

Levels and vault maps discovered:
D:1:      scummos_arrival_simple_fountains, layout_basic,
          chequers_ecumenical_altar_simple_redux, hangedman_decor_growths,
          minmay_tree_intersection, nrook_loot_triangle, minmay_pentomino_v4
D:2:      layout_basic, serial_shops, shop_statue, corexii_leaking_fountain
D:3:      layout_loops_ring, overflow_temple_1_default, general_overflow_altar,
          ebering_ghost_sewer_d, uniq_ijyb
D:4:      minmay_general_purpose_star, layout_basic, nzn_wu_jian_council_hall
D:5:      layout_rooms
D:6:      layout_basic, eat_drink_and_be_merry_uskayaw,
          minmay_temple_entry_mini_moons
D:7:      layout_loops_ring, lemuel_zombie_altar_yredelemnul, serial_shops,
          shop, minmay_liquid_box, uniq_maggie
D:8:      layout_basic
D:9:      layout_basic, mainiacjoe_overflow_alcove_1, nzn_random_ring
Temple:   minmay_temple_bridge_d

Skill      XL: |  1  2  3  4  5  6  7  8  9 |
---------------+----------------------------+-----
Unarmed Combat | 1 2 3 4 5 6 7 9 11 | 11.1
Evocations     | 4 5 6 |  6.0
Air Magic      | 2 4 |  4.7
Spellcasting   | 2 3 |  3.5
Dodging        | 3 4 |  4.0
Fighting       | |  1.6
Stealth        | |  0.8

Action                   |  1- 3 |  4- 6 |  7- 9 | 10-12 || total
-------------------------+-------+-------+-------+-------++-------
Melee: Club              |    69 |       |       |       ||    69
       Tailslap          |     8 |    25 |    26 |       ||    59
       Whip              |    21 |       |     1 |       ||    22
       Dagger            |    27 |   181 |    31 |       ||   239
       Unarmed           |       |    37 |   240 |       ||   277
       Punch             |       |     2 |     9 |       ||    11
Invok: Curse Item        |       |       |     1 |       ||     1
 Abil: Breathe Acid      |       |       |    13 |       ||    13
Evoke: Wand              |     7 |     8 |    20 |       ||    35
       Piece from Xom's  |       |       |     2 |       ||     2
 Stab: Sleeping          |     5 |       |     4 |       ||     9
       Paralysed         |       |       |     6 |       ||     6
Armor: Skin              |    35 |    61 |   123 |       ||   219
Dodge: Dodged            |    85 |   139 |   182 |       ||   406
